Match 42619751
Unlisted

Match 42619751
End
Construct Barracks
Riflemen Squad
Riflemen Squad
1⁄4-ton 4x4 Truck
Riflemen Squad
Grenade Package
Construct Medical Station
Infantry Support Center
Construct Weapon Support Center
Construct Weapon Support Center
Bazooka Squad
Selects Heavy Weapons
Selects Assault Carriers
Selects Halftrack Strongpoints
Improved M9 Bazooka Rockets
M3 Assault Carrier
M1918 Browning Automatic Rifles
Bazooka Squad
Advanced Logistics
M3 Assault Carrier
M3 Assault Carrier
Engineer Squad
Engineer Squad
Selects M26 Pershing Heavy Tank
CosmeFulanito
Cylar
JVM
黄色的鸟
PanzerJonny™
Hovzi
0
0

Comments sign in to comment!

No comments posted yet!